Map: King's Cove LE

Players

Throwfordays - Winner!

  • Race: Protoss Protoss
  • League: Bronze
  • Spawn Location: 11:00

GoblinSlayer

  • Race: Terran Terran
  • Spawn Location: 5:00

VOD

Have the link to the VOD?

Description

Time

  • Played on: Jan. 22, 2019, 8:11 p.m.
  • Length: 7:57
Show
View Real Time Build Order
Export as new Build Order

Throwfordays Protoss - Winner!

Build Orders:  

Get SALT Encoding   

  12  0:00  Probe  
  13  0:12  Probe  
  14  0:18  Pylon  
  14  0:24  Probe  
  15  0:38  Gateway  
  15  0:39  Probe  
  16  0:55  Probe  
  16  0:56  Assimilator  
  17  1:07  Probe  
  18  1:20  Probe  
  18  1:25  Cybernetics Core  
  19  1:32  Probe, Warp Gate  
  20  1:44  Probe  
  21  2:04  Pylon, Gateway  
  21  2:10  Pylon  
  21  2:14  Nexus  
  21  2:24  Stalker  
  23  2:43  Assimilator  
  23  2:51  Stalker  
  25  2:59  Gateway  
  25  3:04  Gateway  
  25  3:07  Probe  
  26  3:17  Forge  
  26  3:19  Probe  
  27  3:26  Pylon  
  27  3:31  Probe x2  
  29  3:40  Probe x2  
  31  3:48  Probe  
  31  3:49  Probe  
  33  3:57  Probe  
  33  3:58  Probe  
  35  4:09  Probe  
  36  4:10  Probe  
  37  4:17  Pylon  
  37  4:18  Pylon  
  37  4:21  Probe  
  37  4:22  Probe  
  39  4:25  Stalker  
  39  4:30  Stalker  
  43  4:33  Probe  
  43  4:34  Probe  
  43  4:35  Stalker  
  47  4:41  Stalker  
  49  4:46  Probe x2  
  49  4:50  Stalker  
  53  4:57  Gateway  
  53  4:58  Probe  
  54  5:02  Gateway  
  54  5:17  Stalker x2  
  54  5:18  Stalker  
  54  5:19  Stalker  
  62  5:33  Pylon  
  62  5:48  Stalker x4  
  70  5:53  Pylon  
  70  5:57  Nexus  
  70  6:11  Pylon  
  70  6:15  Stalker x3  
  70  6:17  Stalker  
  78  6:35  Pylon  
  78  6:48  Pylon  
  78  7:10  Stalker x2  
  78  7:11  Stalker x4  
Show
View Real Time Build Order
Export as new Build Order

GoblinSlayer Terran 

Build Orders:  

Get SALT Encoding   

  12  0:11  Refinery  
  12  0:31  Supply Depot  
  12  0:37  Refinery  
  12  0:55  Supply Depot  
  12  1:15  SCV  
  13  1:18  Barracks  
  13  1:27  SCV  
  14  1:39  SCV  
  15  2:09  Barracks Tech Lab  
  15  2:21  Supply Depot  
  15  3:09  Command Center  
  15  3:12  Marine  
  16  3:30  Marine, Engineering Bay  
  17  3:48  Marine, Orbital Command  
  18  4:06  Marine  
  19  4:11  Factory  
  19  4:21  SCV  
  19  4:23  Refinery  
  20  4:33  SCV  
  21  4:40  SCV  
  22  4:45  SCV  
  22  4:46  Refinery  
  22  4:52  SCV  
  24  5:04  SCV  
  25  5:12  Factory Tech Lab  
  25  5:28  Starport  
  25  5:42  SCV  
  26  5:54  SCV  
  27  5:57  Supply Depot  
  27  6:01  SCV  
  28  6:05  Starport  
  28  6:10  Marine  
  29  6:13  SCV  
  29  6:17  Starport Tech Lab  
  30  6:21  Supply Depot  
  30  6:25  SCV  
  31  6:28  Marine  
  32  6:37  SCV  
  33  6:42  Armory  
  33  6:46  Marine  
  34  6:49  SCV  
  35  7:00  Starport Tech Lab  
  27  7:03  Banshee  
  27  7:04  Marine  
  25  7:30  Fusion Core  
Tags
 
League
Bronze
Matchup
PvT
Replay Pack
Multiplayer
Spawn Locations
Cross Positions
Add a new tag
Caveats
  • Supply blocks, unpowered buildings, or Contaminate may cause inaccurate times.
  • Supply counts are checked every 10 seconds.